 Dungeon Crawl Stone Soup version 0.24.0-1-gfbc8707122 (webtiles) character file.

Game seed: 12580910386035346400, levelgen mode: deterministic

600 drjones the Basher (level 7, -4/41 HPs)
             Began as a Gargoyle Fighter on Oct 26, 2019.
             Splashed by an orc's acid (6 damage)
             ... on level 4 of the Dungeon.
             The game lasted 00:10:58 (3501 turns).

drjones the Basher (Gargoyle Fighter)               Turns: 3501, Time: 00:10:59

Health: -4/41      AC: 11    Str: 21    XL:     7   Next: 41%
Magic:  7/7        EV:  7    Int:  9    God:
Gold:   136        SH:  9    Dex:  9    Spells: 6/6 levels left

rFire    . . .     SeeInvis .   a - +1 flail
rCold    . . .     Gourm    .   c - +0 shield
rNeg     + . .     Faith    .   l - +4 scale mail
rPois    ∞         Spirit   .   (no helmet)
rElec    +         Reflect  .   (no cloak)
rCorr    .         Harm     .   (no gloves)
MR       .....                  (no boots)
Stlth    ..........             (no amulet)
HPRegen  0.13/turn              (no ring)
MPRegen  0.10/turn              (no ring)

@: corroded
A: negative energy resistance 1, electricity resistance, unbreathing,
petrification resistance, rot immunity, AC +4
a: no special abilities


You were on level 4 of the Dungeon.
You were not hungry.

You visited 1 branch of the dungeon, and saw 4 of its levels.

You collected 136 gold pieces.

Inventory:

Hand Weapons
 a - a +1 flail (weapon)
 b - a +0 hunting sling
 m - a +0 morningstar
Missiles
 e - 16 sling bullets
 g - 130 stones
 h - 6 javelins (quivered)
 j - 3 boomerangs
Armour
 c - a +0 shield (worn)
 l - a +4 scale mail (worn)
 r - a +0 chain mail
Wands
 k - a wand of acid (3)
Scrolls
 d - a scroll of amnesia {unknown}
 o - a scroll of identify {unknown}
Potions
 i - a potion of brilliance {unknown}
 n - a potion of cancellation {unknown}
 p - a potion of curing {unknown}
 q - a potion of haste {unknown}
 s - a potion of heal wounds {unknown}
Comestibles
 f - 5 rations


   Skills:
 - Level 3.2 Fighting
 + Level 8.0 Maces & Flails
 - Level 3.2 Armour
 - Level 3.2 Shields


You had 6 spell levels left.
You didn't know any spells.
Your spell library was empty.

Dungeon Overview and Level Annotations

Branches:
Dungeon (4/15)
 Temple: D:4-7

Altars:


Innate Abilities, Weirdness & Mutations

You are resistant to torment.
Your stone body is resilient. (AC +4)
You are immune to poison.
You resist negative energy. (rN+)
You are resistant to electric shocks. (rElec)
You can survive without breathing.
You are immune to petrification.
You are immune to rotting.


Message History

You thump the worm!
The worm is heavily wounded.
The worm bites you but does no damage.
You hit the worm but do no damage.
The worm is heavily wounded.
You sock the worm!
You kill the worm!
The orc throws a poisoned dart.
You block the poisoned dart.
An ooze comes into view.
You closely miss the orc.
The ooze quivers.
The orc hits you but does no damage.
You closely miss the orc. The orc barely misses you.
You hit the orc.
The orc is severely wounded.
An orc wizard comes into view. It is wielding a +0 great sword.
The orc zaps a wand.
The bolt of acid hits you!!
* * * LOW HITPOINT WARNING * * *
You are splashed with acid.
You die...

,,*****,,,,,#...%..........****,,
,,*****,***,#..............,,,,**
,,,,,,,,,,*,#..............,,,,*
***********,#.(.....o..o...,,,,*
,,,,,,,,,,,,#.#.((.........,,,,*
#############.##......./...,,,,*
.....#......#.###.(.J..####******
###..#.###.##.####o#'### *,,,,, #
#.##.# #.##.#.@†o..# *,,,,, #
#.##.# #.##.#.####### *,,,,, #
#.##'###.##.#.......# *,,,,, #
#......#.##.#.......# *,,,,, #
#......#.##.#.......# *,,,,, #
#......#.##.#.......# *****+ #
#(.....'.##.#..(....# *, #
#......####.#..#..#.# *, #
#[..........#..#..#.# *,


You could see an orc wizard (wandering), an ooze and 2 orcs.

Vanquished Creatures
  A phantom (D:4)
  An ogre (D:3)
  A hound (D:4)
  Terence (D:2)
  4 orc wizards (D:3)
  Robin (D:2)
  3 gnolls (D:2)
  8 adders
  A howler monkey skeleton (D:4)
  An ooze (D:2)
  4 worms
  An adder skeleton (D:3)
  A dart slug (D:2)
  4 leopard geckos
  11 orcs (D:3)
  2 giant cockroaches (D:1)
  16 goblins
  12 hobgoblins
  6 jackals (D:1)
  11 kobolds
  A quokka (D:3)
  6 bats
  5 frilled lizards
  A quokka skeleton (D:4)
  15 rats
118 creatures vanquished.

Notes
Turn   | Place    | Note
-------+----------+-------------------------------------------
     0 | D:1      | drjones the Gargoyle Fighter began the quest for the Orb.
     0 | D:1      | Reached XP level 1. HP: 14/14 MP: 1/1
   105 | D:1      | Reached XP level 2. HP: 19/19 MP: 2/2
   141 | D:1      | You fall into a shaft and drop 1 floor!
   217 | D:2      | Reached skill level 3 in Maces & Flails
   414 | D:1      | Reached XP level 3. HP: 23/23 MP: 3/3
   998 | D:2      | Reached skill level 4 in Maces & Flails
  1070 | D:2      | Reached XP level 4. HP: 25/28 MP: 4/4
  1184 | D:2      | Reached skill level 5 in Maces & Flails
  1486 | D:2      | Reached XP level 5. HP: 28/32 MP: 5/5
  1704 | D:2      | Identified the +0 helmet of Dim Light {*Drain rElec rC-
                  | rCorr}
  1704 | D:2      | Noticed Robin
  1709 | D:2      | Killed Robin
  1757 | D:2      | Noticed Terence
  1771 | D:2      | Killed Terence
  2178 | D:3      | Reached skill level 6 in Maces & Flails
  2183 | D:3      | Reached XP level 6. HP: 23/37 MP: 6/6
  2916 | D:4      | Reached skill level 7 in Maces & Flails
  2921 | D:3      | Reached XP level 7. HP: 15/41 MP: 7/7
  3330 | D:4      | Reached skill level 8 in Maces & Flails
  3501 | D:4      | HP: 2/41 [orc/bolt of acid (19)]
  3501 | D:4      | Splashed by an orc's acid

Levels and vault maps discovered:
D:1:      co_arrival_hexagon_in_a_hexagon, layout_loops_cross, chequers_garden,
          chequers_serial_rivers_large_a, minmay_rat_gold_closets
D:2:      layout_loops_ring, minmay_quadrilaterals, uniq_terence, uniq_robin
D:3:      layout_basic, kennysheep_generic_room_13
D:4:      layout_basic, uniq_crazy_yiuf_cottage

Skill      XL: |  1  2  3  4  5  6  7 |
---------------+----------------------+-----
Maces & Flails | 3 4 5 6 7 8 |  8.0
Fighting       | |  3.2
Armour         | |  3.2
Shields        | |  3.2

Action                   |  1- 3 |  4- 6 |  7- 9 || total
-------------------------+-------+-------+-------++-------
Melee: Flail             |   152 |   274 |    54 ||   480
 Fire: Hunting sling     |       |     3 |       ||     3
Evoke: Wand              |       |     1 |     1 ||     2
  Use: Potion            |       |     1 |       ||     1
       Scroll            |       |     4 |     1 ||     5
  Eat: Chunk             |     1 |     6 |     2 ||     9
Armor: Scale mail        |    78 |   149 |    22 ||   249
       Chain mail        |       |    27 |       ||    27
Dodge: Dodged            |    51 |    69 |    14 ||   134
Block: Shield            |    81 |   165 |    20 ||   266
